 Dungeon Crawl Stone Soup version 0.24-b1-44-g37ad8b309f (webtiles) character file.

Game seed: 7240651675996481136, levelgen mode: deterministic

10702 Curus the Carver (level 11, -1/104 HPs)
             Began as a Minotaur Gladiator on Oct 24, 2019.
             Was a High Priest of Okawaru.
             Slain by Urug
             ... wielding a +2 double sword of distortion
              (4 damage)
             ... on level 11 of the Dungeon.
             The game lasted 00:37:59 (8324 turns).

Curus the Carver (Minotaur Gladiator)               Turns: 8324, Time: 00:38:00

Health: -1/104     AC: 17    Str: 22    XL:     11   Next: 39%
Magic:  0/10       EV:  7    Int: 10    God:    Okawaru [*****.]
Gold:   187        SH:  9    Dex: 12    Spells: 10/10 levels left

rFire    + + .     SeeInvis +   F - +1 scimitar
rCold    . . .     Gourm    .   G - +2 shield "Ogiohu" {rPois rF+ SInv}
rNeg     + . .     Faith    .   K - +0 plate armour of Broken Taboos {Int+3} (curse)
rPois    +         Spirit   +   c - +1 hat
rElec    .         Reflect  .   z - +0 cloak
rCorr    .         Harm     .   g - +0 pair of gloves
MR       .....                  (no boots)
Stlth    ..........             L - amulet of guardian spirit
HPRegen  0.67/turn              j - ring of protection from fire
MPRegen  0.12/turn              v - ring of positive energy

@: no status effects
A: retaliatory headbutt, hooves 1, horns 2, regeneration 1, strong 1, wild magic
1
a: Heroism, Finesse, Renounce Religion


You were on level 11 of the Dungeon.
You worshipped Okawaru.
Okawaru was extremely pleased with you.
You were not hungry.

You visited 1 branch of the dungeon, and saw 11 of its levels.

You collected 663 gold pieces.
You spent 476 gold pieces at shops.

Inventory:

Hand Weapons
 a - a +1 long sword
 F - a +1 scimitar (weapon)
 O - a +1 great sword of protection
Missiles
 d - 3 throwing nets (quivered)
 N - 6 datura-tipped darts
Armour
 b - a +0 leather armour
 c - a +1 hat (worn)
 g - a +0 pair of gloves (worn)
 x - a +0 buckler
 z - a +0 cloak (worn)
 B - a +1 leather armour of poison resistance
 C - a +3 leather armour
 G - the +2 shield "Ogiohu" (worn) {rPois rF+ SInv}
   (You found it on level 8 of the Dungeon)

   It protects you from fire.
   It protects you from poison.
   It lets you see invisible.
 J - a +0 chain mail
 K - the cursed +0 plate armour of Broken Taboos (worn) {Int+3}
   (You found it on level 9 of the Dungeon)

   It affects your intelligence (+3).
   It has a curse placed upon it.
 M - a +0 plate armour
Jewellery
 j - a ring of protection from fire (left hand)
 q - an uncursed ring of positive energy
 s - an uncursed ring of flight
 v - a ring of positive energy (right hand)
 L - an amulet of guardian spirit (around neck)
Wands
 i - a wand of polymorph (8)
 n - a wand of digging (11)
 p - a wand of iceblast (7)
 w - a wand of flame (11)
 D - a wand of enslavement (9)
Scrolls
 e - 9 scrolls of teleportation
 h - 8 scrolls of identify
 l - 3 scrolls of fog
 m - 5 scrolls of magic mapping
 y - 2 scrolls of remove curse
 H - 2 scrolls of blinking
 I - a scroll of amnesia
Potions
 k - a potion of lignification
 o - a potion of flight
 r - 2 potions of agility
 u - 3 potions of haste
 A - 3 potions of curing
 E - a potion of might
Comestibles
 f - 27 rations
 P - 3 chunks of flesh


   Skills:
 + Level 11.7 Fighting
 - Level 14.0 Long Blades
 - Level 2.0 Throwing
 + Level 8.4 Armour
 - Level 8.0 Dodging


You had 10 spell levels left.
You didn't know any spells.
Your spell library contained the following spells:

 Spells                   Type           Power        Failure   Level  Hunger
 Beastly Appendage        Tmut           #.....       100%        1    ##.....
 Sting                    Conj/Pois      #...         100%        1    ##.....
 Poisonous Vapours        Pois/Air       #.....       100%        2    ###....
 Sticks to Snakes         Tmut           #.......     100%        2    ###....
 Mephitic Cloud           Conj/Pois/Air  #.......     100%        3    ####...
 Spider Form              Tmut/Pois      #.........   100%        3    ####...
 Ice Form                 Ice/Tmut       #.......     100%        4    #####..
 Olgreb's Toxic Radiance  Pois           #.......     100%        4    #####..
 Blade Hands              Tmut           #.........   100%        5    ######.
 Venom Bolt               Conj/Pois      #.........   100%        5    ######.


Dungeon Overview and Level Annotations

Branches:
Dungeon (11/15)            Temple (0/1) D:7            Lair (0/6) D:11
    Orc (0/2) D:9

Altars:
Ashenzari
Cheibriados
Dithmenos
Fedhas
Hepliaklqana
Makhleb
Okawaru
Sif Muna
Vehumet
Wu Jian
Xom
The Shining One
Beogh

Shops:
D:8 [![*[

Portals:
Trove: D:10 (give +8 demon whip)

Annotations:
D:7 exclusion: oklob plant
D:11 Urug


Innate Abilities, Weirdness & Mutations

You reflexively headbutt those who attack you in melee.
You have a pair of horns on your head.
You have large cloven feet.
Your natural rate of healing is unusually fast.
Your muscles are strong. (Str +2)
Your spells are a little harder to cast, but a little more powerful.


Message History

The silver javelin pierces through you!!
* * * LOW HITPOINT WARNING * * *
The silver sears you!
* * * LOW HITPOINT WARNING * * *
Urug throws a silver javelin.
The silver javelin pierces through you but does no damage.
The silver sears you!
* * * LOW HITPOINT WARNING * * *
You see here a silver javelin.
Okay, then.
Unknown command.
Unknown command.
You block Urug's attack.
You hit Urug but do no damage. Your kick misses Urug. You headbutt Urug.
Urug is lightly wounded.
You block Urug's attack. The phantom hits you.
* * * LOW HITPOINT WARNING * * *
The phantom blinks!
Urug hits you with a +2 double sword of distortion.
You die...

# ## .# .# .# #### .# #######
....# .### #####((...# ....#
###### #########@o.#######....#
○.○○○○○§☼○○○○○.#.......$......##
##############○#W.......P......#
!......§☼......#...###.)P.P....#
################...##Go..P.P....
......########.....G.oP.........
(........####.......P....)......
(....###...##.##.##......)......
.....# ##.....##.##.P.W.††.PP...


You could see Urug, an eye of draining and a phantom.

Vanquished Creatures
  A two-headed ogre (D:11)
  Pikel (D:6)
  An ugly thing (D:11)
  Psyche (D:8)
  Grinder (D:6)
  3 hippogriffs
  A shadow (D:8)
  4 yaks (D:11)
  A wyvern (D:11)
  Grum (D:8)
  Edmund (D:6)
  A porcupine (D:10)
  4 orc warriors
  2 slaves (D:6)
  A black bear (D:9)
  7 ice beasts
  An eye of draining (D:9)
  3 sky beasts
  9 ogres
  A phantom (D:4)
  3 wolves (D:8)
  19 centaurs
  3 big kobolds
  3 crocodiles
  9 bullfrogs
  A wyvern skeleton (D:11)
  4 scorpions
  5 wights (D:10)
  2 howler monkeys
  6 crimson imps
  A centaur zombie (D:7)
  A bullfrog zombie (D:7)
  8 jellies
  3 orc priests
  6 orc wizards
  Crazy Yiuf (D:6)
  A centaur skeleton (D:7)
  5 worker ants
  A howler monkey zombie (D:8)
  A worker ant zombie (D:5)
  10 gnolls
  15 adders
  A howler monkey skeleton (D:10)
  5 shadow imps
  13 oozes (D:7)
  2 adder skeletons
  2 worms
  A dart slug (D:2)
  10 leopard geckos
  27 orcs
  4 giant cockroaches
  6 goblins
  7 hobgoblins
  A jackal (D:2)
  26 kobolds
  3 quokkas
  9 bats
  5 frilled lizards
  A leopard gecko zombie (D:5)
  6 rats
282 creatures vanquished.

Vanquished Creatures (others)
  12 fungi
  12 plants (D:11)
24 creatures vanquished.

Grand Total: 306 creatures vanquished

Notes
Turn   | Place    | Note
-------+----------+-------------------------------------------
     0 | D:1      | Curus the Minotaur Gladiator began the quest for the Orb.
     0 | D:1      | Reached XP level 1. HP: 18/18 MP: 0/0
    22 | D:1      | Reached skill level 4 in Long Blades
    47 | D:1      | Reached XP level 2. HP: 25/25 MP: 1/1
   418 | D:1      | Reached skill level 5 in Long Blades
   531 | D:2      | Reached XP level 3. HP: 30/30 MP: 2/2
   626 | D:2      | Found a shattered altar of Ashenzari.
  1132 | D:3      | Reached skill level 6 in Long Blades
  1132 | D:3      | Reached XP level 4. HP: 33/37 MP: 3/3
  1211 | D:3      | Found a blossoming altar of Fedhas.
  1329 | D:3      | Found a faded altar of an unknown god.
  1576 | D:3      | Reached XP level 5. HP: 30/42 MP: 4/4
  1617 | D:3      | Reached skill level 7 in Long Blades
  1702 | D:3      | Found a shadowy altar of Dithmenos.
  1772 | D:3      | Found an iron altar of Okawaru.
  1781 | D:3      | Became a worshipper of Warmaster Okawaru
  2194 | D:4      | Noticed a phantom
  2226 | D:4      | Killed a phantom
  2226 | D:4      | Reached skill level 8 in Long Blades
  2275 | D:4      | Reached XP level 6. HP: 43/50 MP: 5/5
  2369 | D:4      | Found a shimmering blue altar of Sif Muna.
  2380 | D:4      | Reached * piety under Okawaru
  2380 | D:4      | Reached skill level 9 in Long Blades
  2668 | D:5      | Entered Level 5 of the Dungeon
  2680 | D:5      | Reached XP level 7. HP: 48/56 MP: 6/6
  2705 | D:5      | Reached skill level 10 in Long Blades
  3086 | D:5      | Found a burning altar of Makhleb.
  3087 | D:5      | Found a radiant altar of Vehumet.
  3217 | D:5      | Reached ** piety under Okawaru
  3386 | D:6      | Noticed Grinder
  3394 | D:6      | Killed Grinder
  3394 | D:6      | Reached skill level 11 in Long Blades
  3394 | D:6      | Reached XP level 8. HP: 48/62 MP: 7/7
  3616 | D:6      | Found a runed translucent door.
  3617 | D:6      | Noticed Crazy Yiuf
  3617 | D:6      | Noticed Edmund
  3690 | D:6      | Noticed Pikel
  3709 | D:6      | Killed Pikel
  3709 | D:6      | Reached *** piety under Okawaru
  3709 | D:6      | Reached skill level 12 in Long Blades
  3931 | D:6      | Killed Crazy Yiuf
  3939 | D:6      | Killed Edmund
  3939 | D:6      | Reached skill level 13 in Long Blades
  4171 | D:7      | Found a staircase to the Ecumenical Temple.
  4172 | D:7      | Noticed a hippogriff
  4180 | D:7      | Killed a hippogriff
  4180 | D:7      | Reached skill level 14 in Long Blades
  4180 | D:7      | Reached XP level 9. HP: 44/68 MP: 8/8
  4200 | D:7      | Noticed an oklob plant
  4222 | D:7      | Reached **** piety under Okawaru
  4222 | D:7      | Received a gift from Okawaru
  4740 | D:7      | Found a hazy altar of Hepliaklqana.
  4921 | D:7      | Reached skill level 5 in Dodging
  4927 | D:7      | Reached skill level 5 in Fighting
  4936 | D:7      | Found a snail-covered altar of Cheibriados.
  5062 | D:8      | Found Icvoisud's Armour Boutique.
  5363 | D:8      | Found a glowing golden altar of the Shining One.
  5651 | D:8      | Found Keer's Armour Shop.
  5661 | D:8      | Bought a +1 leather armour of poison resistance for 154
                  | gold pieces
  5707 | D:8      | Noticed Psyche
  5718 | D:8      | Killed Psyche
  5871 | D:8      | Reached ***** piety under Okawaru
  5874 | D:8      | Gained mutation: Your natural rate of healing is unusually
                  | fast. [potion of mutation]
  5874 | D:8      | Gained mutation: You have large cloven feet. [potion of
                  | mutation]
  5874 | D:8      | Gained mutation: Your muscles are strong. (Str +2) [potion
                  | of mutation]
  5874 | D:8      | Gained mutation: Your spells are a little harder to cast,
                  | but a little more powerful. [potion of mutation]
  5896 | D:8      | Reached XP level 10. HP: 76/86 MP: 9/9
  5910 | D:8      | Found Xekh's General Store.
  5912 | D:8      | Received a gift from Okawaru
  5915 | D:8      | Bought a scroll of teleportation for 48 gold pieces
  5915 | D:8      | Bought a +0 scimitar for 64 gold pieces
  5952 | D:8      | Found Luqaafiw's Distillery.
  5965 | D:8      | Bought a potion of might for 60 gold pieces
  5965 | D:8      | Bought a potion of haste for 150 gold pieces
  5977 | D:8      | Found Gext's Armour Shoppe.
  5981 | D:8      | Noticed Grum
  5999 | D:8      | Killed Grum
  5999 | D:8      | Received a gift from Okawaru
  6114 | D:8      | Got a slimy shield
  6215 | D:8      | Identified the +2 shield "Ogiohu" {rPois rF+ SInv} (You
                  | found it on level 8 of the Dungeon)
  6228 | D:9      | Found an ornate altar of the Wu Jian Council.
  6302 | D:9      | Found a staircase to the Orcish Mines.
  6308 | D:9      | Found a shimmering altar of Xom.
  6374 | D:9      | Reached skill level 1 in Armour
  6780 | D:9      | Found a roughly hewn altar of Beogh.
  6915 | D:9      | Got a crude plate armour
  6926 | D:9      | Identified the cursed +0 plate armour of Broken Taboos
                  | {Int+3} (You found it on level 9 of the Dungeon)
  6984 | D:10     | Entered Level 10 of the Dungeon
  7404 | D:10     | Reached skill level 5 in Armour
  7413 | D:10     | Reached skill level 10 in Fighting
  7739 | D:10     | Found a portal to a secret trove of treasure.
  7801 | D:11     | Received a gift from Okawaru
  7821 | D:10     | Reached XP level 11. HP: 40/101 MP: 5/10
  7987 | D:11     | Noticed a two-headed ogre
  7993 | D:11     | Killed a two-headed ogre
  7993 | D:11     | Reached ****** piety under Okawaru
  7993 | D:11     | Received a gift from Okawaru
  8062 | D:11     | Received a gift from Okawaru
  8236 | D:11     | Noticed Urug
  8261 | D:11     | Found a staircase to the Lair.
  8262 | D:11     | Noticed a brown ugly thing
  8272 | D:11     | Killed a brown ugly thing
  8320 | D:11     | HP: 3/104 [Urug/silver javelin (7)]
  8324 | D:11     | Slain by Urug

Skill      XL: |  1  2  3  4  5  6  7  8  9 10 11 |
---------------+----------------------------------+-----
Long Blades    | 4 5 6 8 9 11 14 | 14.0
Fighting       | 7 10 11 | 11.7
Dodging        | 7 8 |  8.0
Armour         | 6 8 |  8.4
Throwing       | |  2.0

Action                   |  1- 3 |  4- 6 |  7- 9 | 10-12 || total
-------------------------+-------+-------+-------+-------++-------
Melee: Long sword        |    71 |   119 |   292 |     2 ||   484
       Headbutt          |    10 |    16 |    61 |    77 ||   164
       Kick              |       |       |     1 |   126 ||   127
       Scimitar          |       |       |       |   347 ||   347
Invok: Heroism           |       |       |       |     1 ||     1
Evoke: Wand              |       |     1 |     2 |     2 ||     5
  Use: Potion            |     2 |     4 |     6 |     2 ||    14
       Scroll            |     5 |     3 |     3 |     5 ||    16
 Stab: Distracted        |       |       |     1 |       ||     1
  Eat: Chunk             |       |     6 |    10 |     8 ||    24
Armor: Leather armour    |    22 |    24 |    62 |     5 ||   113
       Plate armour      |       |       |       |   142 ||   142
       Chain mail        |       |       |       |    30 ||    30
Dodge: Dodged            |    45 |    66 |   110 |   129 ||   350
Block: Buckler           |       |       |    27 |     5 ||    32
       Shield            |       |       |       |   169 ||   169
       Rpst.: Long sword |    11 |    18 |    27 |       ||    56
       Scimitar          |       |       |       |    29 ||    29
